 Dungeon Crawl Stone Soup version 0.23.2-30-g0e89c35649 (webtiles) character file.

Game seed: 16733203548275329783

5646 Revguard the Cleaver (level 10, -7/79 HPs)
             Began as a Demonspawn Berserker on June 13, 2019.
             Was an Elder of Trog.
             Killed from afar by a deep elf mage (39 damage)
             ... with a bolt of lightning
             ... on level 9 of the Dungeon.
             The game lasted 00:22:26 (8209 turns).

Revguard the Cleaver (Demonspawn Berserker)         Turns: 8209, Time: 00:22:31

Health: -7/79      AC: 15    Str: 20    XL:     10   Next: 46%
Magic:  20/20      EV: 12    Int:  9    God:    Trog [****..]
Gold:   296        SH:  0    Dex: 13    Spells: 9/9 levels left

rFire    . . .     SeeInvis .   a - +0 hand axe
rCold    . . .     Gourm    .   (no shield)
rNeg     + . .     Faith    .   v - +3 scale mail {MR+}
rPois    +         Spirit   .   f - +0 helmet
rElec    .         Reflect  .   (no cloak)
rCorr    .         Harm     +   (no gloves)
MR       +....     Clarity  +   (no boots)
Stlth    ..........             o - amulet of harm
HPRegen  0.23/turn              b - ring of positive energy
MPRegen  0.17/turn              u - ring of magical power

@: berserk cooldown, slowed, very slow
A: talons 2, slimy green scales 2, blurry vision 1, clarity, foul stench 1, high
mp 1, poison resistance, powered by pain 2, rot immunity
a: Berserk, Trog's Hand, Brothers in Arms, Renounce Religion


You were on level 9 of the Dungeon.
You worshipped Trog.
Trog was greatly pleased with you.
You were near starving.

You visited 1 branch of the dungeon, and saw 9 of its levels.

You collected 296 gold pieces.

Inventory:

Hand Weapons
 a - a +0 hand axe (weapon)
Armour
 f - a +0 helmet (worn)
 l - a +0 pair of boots
 v - a +3 scale mail of magic resistance (worn)
Jewellery
 b - a ring of positive energy (left hand)
 e - an uncursed amulet of guardian spirit
 o - an amulet of harm (around neck)
 u - a ring of magical power (right hand)
Wands
 w - a wand of paralysis (10)
 x - a wand of iceblast (7)
 A - a wand of flame (21)
Scrolls
 d - 3 scrolls of blinking {unknown}
 g - 2 scrolls of amnesia {unknown}
 h - 14 scrolls of identify {unknown}
 i - 7 scrolls of remove curse {unknown}
 j - a scroll of immolation {unknown}
 k - 2 scrolls of enchant armour {unknown}
 m - 2 scrolls of fog {unknown}
 n - 2 scrolls of enchant weapon {unknown}
 p - a scroll of teleportation {unknown}
 r - a scroll of noise {unknown}
 s - a scroll of magic mapping {unknown}
 y - a scroll of torment {unknown}
Potions
 q - 2 potions of curing
 t - 2 potions of mutation
Comestibles
 c - 13 rations


   Skills:
 + Level 7.5 Fighting
 + Level 10.3 Axes
 + Level 6.9 Armour
 + Level 5.1 Dodging


You had 9 spell levels left.
You didn't know any spells.
Your spell library was empty.

Dungeon Overview and Level Annotations

Branches:
Dungeon (9/15)             Temple (0/1) D:6
   Lair: D:8-11         Orc: D:9-12

Altars:
Ashenzari
Dithmenos
Gozag
Hepliaklqana
Makhleb
Nemelex Xobeh
Okawaru
Ru
Uskayaw
Wu Jian
Xom
Zin


Innate Abilities, Weirdness & Mutations

You have razor-sharp toenails.
You are mostly covered in slimy green scales. (AC +3)
You may emit foul miasma when damaged in melee.
You sometimes gain power by taking damage.
You are immune to rotting.
Scrolls take you a little longer to read.
You possess an exceptional clarity of mind.
You have an increased reservoir of magic. (+10% MP)
Your system is resistant to poisons. (rPois)


Message History

The deep elf mage hits you but does no damage.
You barely miss the deep elf mage. You claw the deep elf mage.
The deep elf mage is moderately wounded.
The deep elf mage hits you but does no damage.
The deep elf mage looks sick.
Your scale mail prevents you from hitting the deep elf mage.
The deep elf mage is moderately wounded.
The deep elf mage hits you but does no damage.
You hit the deep elf mage but do no damage.
You claw the deep elf mage, but do no damage.
The deep elf mage is moderately wounded.
The deep elf mage hits you but does no damage.
You hit the deep elf mage but do no damage.
You claw the deep elf mage, but do no damage.
The deep elf mage is moderately wounded.
The deep elf mage casts a spell at you. The bolt of lightning hits you!
The deep elf mage points at you and mumbles some strange words.
The bolt of lightning hits you!!
You die...

### #... >
#... ..
#..#########..
#..#.......#
#..#...e...#
#..#..@$(..#.
#.....$)$.....
#..#..($!..#..
#†.#.......#
#≈.#.......#
#..#########
#.........
#<........
##########


You could see a deep elf mage.

Vanquished Creatures
  Harold (D:7)
  2 two-headed ogres
  The ghost of Ananasrisotto the Chopper, an amateur DsFi of Trog (D:5)
  A hippogriff (D:8)
  Sigmund (D:5)
  A water moccasin (D:8)
  A sky beast (D:9)
  2 orc warriors (D:6)
  3 ice beasts
  4 phantoms
  4 ogres
  2 centaurs (D:7)
  4 bullfrogs
  A wight (D:5)
  2 crimson imps
  2 quasits (D:8)
  6 orc wizards
  8 orc priests
  5 hounds
  2 centaur skeletons
  Jessica (D:2)
  3 iguanas
  6 worker ants
  A centaur simulacrum (D:9)
  A hound skeleton (D:8)
  A hound zombie (D:8)
  2 worker ant zombies (D:5)
  17 adders
  A howler monkey skeleton (D:4)
  A shadow imp (D:6)
  An adder skeleton (D:6)
  4 worms
  4 dart slugs
  3 leopard geckos
  36 orcs
  A ball python (D:1)
  9 bats
  5 giant cockroaches
  5 goblins
  4 hobgoblins
  12 jackals
  10 kobolds
  3 quokkas
  10 frilled lizards
  7 rats
201 creatures vanquished.

Notes
Turn   | Place    | Note
-------+----------+-------------------------------------------
     0 | D:1      | Revguard the Demonspawn Berserker began the quest for the
                  | Orb.
     0 | D:1      | Reached XP level 1. HP: 18/18 MP: 1/1
   125 | D:1      | Gained mutation: You are partially covered in slimy green
                  | scales. (AC +2) [demonic ancestry]
   125 | D:1      | Reached XP level 2. HP: 24/24 MP: 2/2
   213 | D:1      | Reached skill level 3 in Axes
   917 | D:1      | Gained mutation: You are immune to rotting. [demonic
                  | ancestry]
   917 | D:1      | Reached XP level 3. HP: 27/29 MP: 3/3
  1185 | D:2      | Reached ** piety under Trog
  1236 | D:2      | Noticed Jessica
  1250 | D:2      | Killed Jessica
  1553 | D:2      | Gained mutation: You sometimes gain a little power by
                  | taking damage. [demonic ancestry]
  1553 | D:2      | Reached XP level 4. HP: 23/36 MP: 1/4
  2015 | D:2      | Reached skill level 4 in Axes
  2029 | D:2      | Found an ornate altar of the Wu Jian Council.
  2442 | D:3      | Gained mutation: You have sharp toenails. [demonic
                  | ancestry]
  2442 | D:3      | Reached XP level 5. HP: 24/42 MP: 2/5
  3051 | D:3      | Reached *** piety under Trog
  3056 | D:3      | Gained mutation: You may emit foul miasma when damaged in
                  | melee. [demonic ancestry]
  3056 | D:3      | Reached XP level 6. HP: 48/48 MP: 6/6
  3220 | D:4      | Gained mutation: You are dopey. (Int -2) [potion of
                  | mutation]
  3220 | D:4      | Gained mutation: You passively map a small area around you.
                  | [potion of mutation]
  3220 | D:4      | Gained mutation: You have an increased reservoir of magic.
                  | (+10% MP) [potion of mutation]
  3221 | D:4      | Lost mutation: You are dopey. (Int -2) [potion of mutation]
  3221 | D:4      | Lost mutation: You passively map a small area around you.
                  | [potion of mutation]
  3221 | D:4      | Gained mutation: Scrolls take you a little longer to read.
                  | [potion of mutation]
  3221 | D:4      | Gained mutation: You possess an exceptional clarity of
                  | mind. [potion of mutation]
  3221 | D:4      | Gained mutation: Your system is resistant to poisons.
                  | (rPois) [potion of mutation]
  3375 | D:4      | Found an iron altar of Okawaru.
  3390 | D:4      | Reached skill level 5 in Axes
  4112 | D:4      | Found a burning altar of Makhleb.
  4116 | D:4      | Gained mutation: You sometimes gain power by taking damage.
                  | [demonic ancestry]
  4116 | D:4      | Reached XP level 7. HP: 51/55 MP: 5/7
  4491 | D:5      | Entered Level 5 of the Dungeon
  4847 | D:5      | Noticed Sigmund
  4861 | D:5      | Killed Sigmund
  4861 | D:5      | Reached skill level 6 in Axes
  4905 | D:5      | Found a runed translucent gate.
  4905 | D:5      | Noticed Ananasrisotto's ghost (amateur DsFi)
  4906 | D:5      | Found a runed translucent gate.
  4906 | D:5      | Found a runed translucent gate.
  4988 | D:5      | Reached skill level 5 in Fighting
  5301 | D:5      | Killed Ananasrisotto's ghost
  5301 | D:5      | Gained mutation: You are mostly covered in slimy green
                  | scales. (AC +3) [demonic ancestry]
  5301 | D:5      | Reached XP level 8. HP: 61/62 MP: 5/8
  5555 | D:6      | Reached skill level 7 in Axes
  5646 | D:6      | Reached skill level 5 in Armour
  6007 | D:6      | Noticed a two-headed ogre
  6024 | D:6      | Killed a two-headed ogre
  6024 | D:6      | Reached skill level 8 in Axes
  6024 | D:6      | Reached XP level 9. HP: 69/69 MP: 4/9
  6147 | D:6      | Found a staircase to the Ecumenical Temple.
  6432 | D:7      | Noticed Harold
  6481 | D:7      | Killed Harold
  6481 | D:7      | Reached skill level 9 in Axes
  7187 | D:7      | Found an opulent altar of Gozag.
  7192 | D:7      | Found a shimmering altar of Xom.
  7193 | D:7      | Found a glowing silver altar of Zin.
  7193 | D:7      | Found a sparkling altar of Nemelex Xobeh.
  7193 | D:7      | Found a hide-covered altar of Uskayaw.
  7195 | D:7      | Found a shadowy altar of Dithmenos.
  7196 | D:7      | Found an iron altar of Okawaru.
  7197 | D:7      | Found a sacrificial altar of Ru.
  7198 | D:7      | Found a shattered altar of Ashenzari.
  7369 | D:8      | Gained mutation: You have razor-sharp toenails. [demonic
                  | ancestry]
  7369 | D:8      | Reached XP level 10. HP: 78/79 MP: 11/11
  7649 | D:8      | Reached **** piety under Trog
  7685 | D:8      | Noticed a two-headed ogre
  7692 | D:8      | Killed a two-headed ogre
  7692 | D:8      | Reached skill level 10 in Axes
  7692 | D:8      | Reached skill level 5 in Dodging
  8098 | D:8      | Found a hazy altar of Hepliaklqana.
  8200 | D:9      | Noticed a deep elf mage
  8209 | D:9      | Killed from afar by a deep elf mage

Skill      XL: |  1  2  3  4  5  6  7  8  9 10 |
---------------+-------------------------------+-----
Axes           | 3 4 5 6 8 9 10 | 10.3
Dodging        | 2 3 4 5 |  5.1
Armour         | 2 3 5 6 |  6.9
Fighting       | 4 5 6 7 |  7.5

Action                   |  1- 3 |  4- 6 |  7- 9 | 10-12 || total
-------------------------+-------+-------+-------+-------++-------
Melee: Hand axe          |   121 |   240 |   403 |   110 ||   874
       Kick              |       |       |       |    27 ||    27
Invok: Berserk           |     1 |     6 |     9 |     3 ||    19
       Trog's Hand       |       |     3 |    10 |     1 ||    14
  Use: Potion            |       |     2 |     5 |     1 ||     8
 Stab: Sleeping          |     1 |       |       |       ||     1
  Eat: Chunk             |     1 |    14 |    14 |     6 ||    35
       Ration            |       |     1 |     2 |       ||     3
Armor: Leather armour    |    29 |    81 |       |       ||   110
       Animal skin       |     1 |       |       |       ||     1
       Scale mail        |       |     2 |   135 |    70 ||   207
Dodge: Dodged            |    84 |   157 |   223 |    72 ||   536
